 Dungeon Crawl Stone Soup version 0.30-a0-1163-gf69bf04e7a (webtiles) character file.

Game seed: 16652051125054094556

46 BlueFish the Ducker (level 3, 0/26 HPs)
             Began as an Octopode Fighter on Apr 28, 2023.
             Slain by a goblin
             ... wielding a +0 club
             ... led by Robin
              (4 damage)
             ... on level 2 of the Dungeon.
             The game lasted 00:01:48 (920 turns).

BlueFish the Ducker (Octopode Fighter)               Turns: 920, Time: 00:01:48

Health: 0/26       AC:  1    Str: 17    XL:     3   Next: 68%
Magic:  3/3        EV: 13    Int: 10    God:
Gold:   86         SH:  4    Dex: 11    Spells: 2/2 levels left

rFire   . . .        a - +0 flail
rCold   . . .        l - +0 buckler
rNeg    . . .        (helmet restricted)
rPois   .            (no amulet)
rElec   .            (no ring)
rCorr   .            (no ring)
SInv    .            (no ring)
Will    .....        (no ring)
Stlth   +++          (no ring)
HPRegen 0.24/turn    (no ring)
MPRegen 0.08/turn    (no ring)
                     (no ring)

%: no passive effects
@: mighty
A: almost no armour, amphibious, 8 rings, camouflage 1, gelatinous body 1,
(nimble swimmer 1), tentacles
a: no special abilities


You were on level 2 of the Dungeon.
You visited 1 branch of the dungeon, and saw 2 of its levels.

You collected 104 gold pieces.
You spent 18 gold pieces at shops.

Inventory:

Hand Weapons
 a - a +0 flail (weapon)
 b - a +0 sling
Missiles
 f - 15 poisoned darts
 n - 2 boomerangs
 o - 2 throwing nets
 p - 16 stones (quivered)
Armour
 l - a +0 buckler (worn)
Jewellery
 r - a ring of fire
Scrolls
 d - a scroll of fear {unknown}
 e - a scroll of acquirement {unknown}
 g - a scroll of magic mapping {unknown}
 i - a scroll of teleportation {unknown}
 m - a scroll of amnesia {unknown}
 q - 3 scrolls of identify {unknown}
Potions
 h - 2 potions of degeneration {unknown}
 j - a potion of magic {unknown}
 k - a potion of mutation {unknown}
 s - a potion of curing {unknown}


   Skills:
 + Level 3.2 Fighting
 + Level 2.3 Maces & Flails
 + Level 0.2 Throwing
 + Level 3.2 Dodging
 * Level 2.7 Stealth
 + Level 3.2 Shields


You had 2 spell levels left.
You didn't know any spells.
Your spell library was empty.

Dungeon Overview and Level Annotations

Branches:
Dungeon (2/15)

Altars:

Shops:
D:1 =(

Annotations:
D:2 Robin


Innate Abilities, Weirdness & Mutations

You cannot wear most types of armour.
You are amphibious.
You can wear up to eight rings at the same time.
Your skin changes colour to match your surroundings (Stealth+).
Your rubbery body absorbs attacks. (AC +1, EV +1)
((You are camouflaged when in or above water. (Stealth+)))
You have tentacles for arms and can constrict up to eight enemies at once.


Message History

Robin shouts!
The goblin shouts!
You hear a shout! x4
A hobgoblin comes into view.
Robin throws the goblin at you! The goblin barely misses you.
a - a +0 flail (weapon)
The goblin hits you with a +0 club.
You hit the goblin.
You kill the goblin!
A goblin comes into view. It is wielding a +0 club. x2
The goblin shouts!
You hit the hobgoblin. You grab the hobgoblin.
The hobgoblin is moderately wounded.
You constrict the hobgoblin. The hobgoblin barely misses you.
You hit the hobgoblin. You squeeze the hobgoblin.
You kill the hobgoblin!
The goblin closely misses you.
You sock the goblin!
You kill the goblin!
A goblin comes into view. It is wielding a +0 club.
The goblin hits you with a +0 club. Robin throws the goblin at you!
The goblin shouts!
You hit the goblin. You grab the goblin.
The goblin is severely wounded.
You constrict the goblin.
You kill the goblin!
You hear a shout!
A goblin comes into view. It is wielding a +0 club.
The goblin barely misses you.
Robin roars a battlecry!
The goblins go into a battle-frenzy!
The goblin hits you with a +0 club.
The goblin moves out of view.
You feel very mighty all of a sudden. The hobgoblin hits you.
The goblin hits you with a +0 club.
You hit the hobgoblin.
You kill the hobgoblin!
The goblin misses you. You block the goblin's attack.
Robin throws the goblin at you! The goblin hits you with a +0 club.
* * * LOW HITPOINT WARNING * * *
The goblin attacks as you move away! The goblin hits you but does no damage.
The goblin attacks as you move away! The goblin hits you with a +0 club.
You die...

#..######~≈~≈###
#......'≈~≈~'.#
######.#~≈~≈#.#
#.#≈~≈≈#.#
#.######.######
#..##....##...#
##.......##g..# ##
##........#g).#
...###.........@g)#.g...
#.............g.## #.≈
####............#
######...........#.
...................#
..................##
..................#
...................
..)..............#.


You could see 4 goblins.

Vanquished Creatures
  An adder (D:2)
  2 dart slugs
  2 ball pythons
  2 bats (D:1)
  2 endoplasms (D:1)
  2 giant cockroaches
  6 goblins
  6 hobgoblins
  A quokka (D:1)
  A kobold (D:2)
  4 rats (D:1)
29 creatures vanquished.

Notes
Turn   | Place    | Note
-------+----------+-------------------------------------------
     0 | D:1      | BlueFish the Octopode Fighter began the quest for the Orb.
     0 | D:1      | Reached XP level 1. HP: 16/16 MP: 1/1
   109 | D:1      | Reached skill level 1 in Stealth
   109 | D:1      | Reached XP level 2. HP: 18/21 MP: 2/2
   262 | D:1      | Found Upuor's Weapon Boutique.
   340 | D:1      | Bought a +0 sling for 18 gold pieces
   552 | D:1      | Found Katabb's Jewellery Boutique.
   790 | D:2      | Reached XP level 3. HP: 26/26 MP: 3/3
   909 | D:2      | Noticed Robin
   920 | D:2      | Slain by a goblin

Illustrated notes

Levels and vault maps discovered:
D:1:      dreamdust_arrival_sigmund_warning, layout_loops_cross, serial_shops,
          shop_statue, shop, minmay_misc_feat_pillars
D:2:      minmay_diamond_boxcup, layout_rooms, serial_rivers,
          chequers_serial_rivers_room_b, chequers_serial_rivers_small_3,
          chequers_serial_rivers_small_b, chequers_serial_rivers_micro_e,
          chequers_serial_rivers_small_3, chequers_serial_rivers_small_3,
          minivault_24, wander_ebering_terrifying_dragon_lair, uniq_robin

Skill      XL: |  1  2 |
---------------+-------+-----
Stealth        | 1 2 |  2.7
Fighting       | |  3.2
Maces & Flails | |  2.3
Throwing       | |  0.2
Dodging        | |  3.2
Shields        | |  3.2

Action                     || total
---------------------------++-------
  Melee: Flail             ||    36
         Constrict         ||    14
         Tentacles         ||     7
   Fire: Sling             ||    22
    Use: Potion            ||     1
   Stab: Sleeping          ||     1
 Armour: Skin              ||     2
  Dodge: Dodged            ||    21
  Block: Buckler           ||     8

Table legend: (Time is in decaauts)
 A = Elapsed time spent in this place.
 B = Non-inter-level travel time spent in this place.
 C = Inter-level travel time spent in this place.
 D = Time resting spent in this place.
 E = Time spent auto-exploring this place.
 F = Levels seen in this place.
 G = Mean time per level.
                   A        B        C        D        E       F      G
               +--------+--------+--------+--------+--------+-----+--------+
         Total |    933 |    867 |     66 |      0 |    690 |   2 |  466.5 |
       Dungeon |    933 |    867 |     66 |      0 |    690 |   2 |  466.5 |
               +--------+--------+--------+--------+--------+-----+--------+

Top non-repeatable levels by time:
     D:1: 762 daAuts
     D:2: 171 daAuts
